 Dungeon Crawl Stone Soup version 0.21.0-3-g78d12a8 (webtiles) character file.

23 tidbits the Sneak (level 2, 0/14 HPs)
             Began as a Vine Stalker Air Elementalist on Jan 10, 2018.
             Succumbed to an adder's poison
             ... on level 4 of the Dungeon.
             The game lasted 00:04:36 (712 turns).

tidbits the Sneak (Vine Stalker Air Elementalist)    Turns: 712, Time: 00:04:37

Health: 0/14       AC:  3    Str: 10    XL:     2   Next: 95%
Magic:  0/6        EV: 12    Int: 15    God:
Gold:   177        SH:  0    Dex: 14    Spells: 4/5 levels left

rFire    . . .     SeeInvis .   d - +0 dagger
rCold    . . .     Gourm    .   (no shield)
rNeg     . . .     Faith    .   a - +0 robe
rPois    .         Spirit   +   (no helmet)
rElec    .         Reflect  .   (no cloak)
rCorr    .         Harm     .   G - +0 pair of gloves
MR       .....                  (no boots)
Stlth    ++........             (no amulet)
HPRegen  0.04/turn              p - ring of flight
MPRegen  0.10/turn              (no ring)

@: lethally poisoned (0 -> -16)
A: fangs 2, magic shield, antimagic bite, no potion heal 3, rot immunity
a: Evoke Flight


You were on level 4 of the Dungeon.
You were not hungry.

You visited 2 branches of the dungeon, and saw 5 of its levels.

You collected 177 gold pieces.

Inventory:

Hand Weapons
 d - a +0 dagger (weapon)
Armour
 a - a +0 robe (worn)
 k - a +0 ring mail
 G - a +0 pair of gloves (worn)
Jewellery
 p - a ring of flight (left hand)
   (You found it on level 3 of the Dungeon)
 s - an uncursed ring of poison resistance {unknown}
   (You found it on level 4 of the Dungeon)
Wands
 j - a wand of random effects (47)
Scrolls
 e - 3 scrolls of enchant weapon {unknown}
 g - 2 scrolls of remove curse {unknown}
 h - a scroll of blinking {unknown}
 m - 2 scrolls of identify {unknown}
 n - a scroll of immolation {unknown}
 r - a scroll of amnesia {unknown}
Potions
 f - a potion of mutation {unknown}
 i - a potion of heal wounds
 l - 2 potions of brilliance {unknown}
 o - a potion of might {unknown}
 q - 2 potions of resistance {unknown}
Books
 b - a book of Air

   Spells                             Type                      Level
   a - Shock                          Conjuration/Air              1
   b - Swiftness                      Charms/Air                   2
   c - Static Discharge               Conjuration/Air              3
   d - Airstrike                      Air                          4
   e - Lightning Bolt                 Conjuration/Air              5
Comestibles
 c - 4 rations


   Skills:
 + Level 1.4 Fighting
 - Level 1.5 Dodging
 + Level 3.4 Stealth
 - Level 2.1 Spellcasting
 - Level 1.0 Conjurations
 - Level 3.0 Air Magic


You had 4 spell levels left.
You knew the following spells:

 Your Spells              Type           Power        Failure   Level  Hunger
a - Shock                 Conj/Air       #...         10%         1    #......


Dungeon Overview and Level Annotations

Branches:
Dungeon (4/15)             Temple (1/1) D:4

Altars:
Ashenzari
Cheibriados
Elyvilon
Gozag
Hepliaklqana
Kikubaaqudgha
Makhleb
Nemelex Xobeh
Trog
Uskayaw
Wu Jian
Yredelemnul

Shops:
D:4 (

Annotations:
D:4 jazmu's ghost, amateur DsFE


Innate Abilities, Weirdness & Mutations

You have extremely sharp teeth.
When hurt, damage is shared between your health and your magic reserves.
Your bite disrupts and absorbs the magic of your enemies.
Potions cannot restore your health.
You are immune to rotting.


Message History

r - a scroll labeled HOHISI SIAPAS
q - 2 amethyst potions (gained 1)
Found 15 gold pieces.
Found a staircase to the Ecumenical Temple.
Found 8 gold pieces.
A jackal skeleton comes into view.
Found Siath's Weapon Shoppe.
The jackal skeleton completely misses you.
You hit the jackal skeleton.
The jackal skeleton is heavily damaged.
The jackal skeleton bites you but does no damage.
You barely miss the jackal skeleton. You bite the jackal skeleton.
You drain its power.
The jackal skeleton is severely damaged.
You hear the slow rusting of a distant drain.
The jackal skeleton barely misses you.
You hit the jackal skeleton.
You destroy the jackal skeleton!
Found 11 gold pieces.
There is an entrance to Siath's Weapon Shoppe here.
You can access your shopping list by pressing '$'.
You now have 162 gold pieces (gained 11).
Found a stone staircase leading down and a stone staircase leading up.
Found a ration.
You now have 177 gold pieces (gained 15).
There is a dry fountain here.
There is a staircase to the Ecumenical Temple here.
You can't go up here!
You climb downwards.
Welcome to the Ecumenical Temple!
Found a hide-covered altar of Uskayaw and a hazy altar of Hepliaklqana.
There is a staircase back to the Dungeon here.
Unknown command.
Found an opulent altar of Gozag.
Found a bloodstained altar of Trog and a burning altar of Makhleb.
Found an ornate altar of the Wu Jian Council.
Found an ancient bone altar of Kikubaaqudgha.
Found a basalt altar of Yredelemnul.
Found a white marble altar of Elyvilon and a sparkling altar of Nemelex Xobeh.
There is a staircase back to the Dungeon here.
You climb upwards.
Welcome back to the Dungeon!
You hear the sound of rushing water.
There is an entrance to a sewer on this level.
Hurry and find it before the portal rusts away!
You hear the slow rusting of a very distant drain.
Level annotation: jazmu's ghost, amateur DsFE
There is a staircase to the Ecumenical Temple here.
Unknown command.
Found a snail-covered altar of Cheibriados.
An orc wizard comes into view. It is wielding a dagger.
The orc wizard moves out of view.
A frilled lizard comes into view.
The orc wizard shouts!
An orc and an orc priest come into view.
The orc moves out of view.
The dart slug launches a dart at you. The slug dart hits you!
Found an encrusted emerald ring.
Found 13 gold pieces.
An adder comes into view.
The adder hisses angrily.
The adder bites you.
You see here an encrusted emerald ring.
s - an encrusted emerald ring The adder barely misses you.
The adder bites you.
You are poisoned.
The adder poisons you!
You feel sick.
Found a stone staircase leading down.
You feel sick. The adder misses you.
Casting: Shock
Confirm with . or Enter, or press ? or * to list all spells.
Aiming: Shock
Press: ? - help, Shift-Dir - straight line The zap hits the adder.
The adder is lightly wounded.
The zap hits the adder.
The adder is moderately wounded.
You feel sick. The adder misses you.
Casting: Shock
Confirm with . or Enter, or press ? or * to list all spells.
Aiming: Shock
Press: ? - help, Shift-Dir - straight line The zap misses the adder. x2; The adder bites you.
* * * LOW HITPOINT WARNING * * *
You are more poisoned.
The adder poisons you! The adder bites you.
* * * LOW HITPOINT WARNING * * *
You are more poisoned.
The adder poisons you!
Casting: Shock
Confirm with . or Enter, or press ? or * to list all spells.
Aiming: Shock
Press: ? - help, Shift-Dir - straight line The zap hits the adder.
The adder is severely wounded.
The zap hits the adder.
The adder is severely wounded.
* * * LOW HITPOINT WARNING * * *
You feel sick. The adder misses you.
It was a potion of heal wounds.
That seemed strangely inert.
You die...

######## #......#
###### ##......# #.....
........# #<....
#.......###### #W....
#.......S....### #.....
#.....@####...####....#
#.......$.............#
#.##>.#########..###.#≈
. ##. ##.# #w≈≈ #.
#.###.≈≈ #.######
#..##.≈≈ #......##
##.##..≈ #. ...$.#
#.##.#. ### #...#
#....#


You could see an adder.

Vanquished Creatures
  An adder (D:2)
  A dart slug (D:2)
  A goblin (D:3)
  A hobgoblin (D:1)
  2 jackals
  2 kobolds
  2 bats
  A jackal skeleton (D:4)
11 creatures vanquished.

Vanquished Creatures (others)
  A frilled lizard (D:2)
1 creature vanquished.

Grand Total: 12 creatures vanquished

Notes
Turn   | Place    | Note
-------+----------+-------------------------------------------
     0 | D:1      | tidbits the Vine Stalker Air Elementalist began the quest for the Orb.
     0 | D:1      | Reached XP level 1. HP: 9/9 MP: 4/4
   238 | D:2      | Reached skill level 1 in Fighting
   238 | D:2      | Reached skill level 3 in Stealth
   238 | D:2      | Reached XP level 2. HP: 7/14 MP: 0/6
   272 | D:2      | Found a shattered altar of Ashenzari.
   482 | D:4      | Noticed jazmu's ghost (amateur DsFE)
   581 | D:4      | Found a staircase to the Ecumenical Temple.
   591 | D:4      | Found Siath's Weapon Shoppe.
   624 | Temple   | Entered the Ecumenical Temple
   624 | Temple   | Noticed an electric eel
   625 | Temple   | Noticed an electric eel
   625 | Temple   | Noticed an electric eel
   626 | Temple   | Noticed an electric eel
   633 | Temple   | Noticed an electric eel
   650 | Temple   | Noticed an electric eel
   687 | D:4      | Found a snail-covered altar of Cheibriados.
   711 | D:4      | HP: 1/14 [poisoned by an adder]
   712 | D:4      | Succumbed to an adder's poison

Skill      XL: |  1 |
---------------+----+-----
Fighting       | 1 |  1.4
Stealth        | 3 |  3.4
Dodging        | |  1.5
Spellcasting   | |  2.1
Conjurations   | |  1.0
Air Magic      | |  3.0

Action                   || total
-------------------------++-------
Melee: Dagger            ||    18
       Bite              ||     5
 Cast: Shock             ||    12
  Use: Potion            ||     1
 Stab: Sleeping          ||     2
Armor: Robe              ||     8
Dodge: Dodged            ||    16

Table legend:
 A = Turns spent in this place as a percentage of turns spent in the entire game.
 B = Non-inter-level travel turns spent in this place as a percentage of non-inter-level travel turns spent in the entire game.
 C = Inter-level travel turns spent in this place as a percentage of turns spent in this place.
 D = Turns resting spent in this place as a percentage of non-inter-level travel turns spent in this place.
 E = Turns spent auto-exploring this place as a percentage of non-inter-level travel turns spent in this place.
 F = Non-inter-level travel turns spent in this place divided by the number of levels of this place that you've seen.
                   A       B       C       D       E      F
               +-------+-------+-------+-------+-------+----------------------
         Total | 100.0 | 100.0 |   5.6 |   0.0 |   0.0 | 134.4
       Dungeon |  92.4 |  93.0 |   5.0 |   0.0 |   0.0 | 156.2
        Temple |   7.6 |   7.0 |  13.0 |   0.0 |   0.0 |  47.0
               +-------+-------+-------+-------+-------+----------------------

Table legend:
 A = Kills in this place as a percentage of kills in entire the game.
 B = Kills by you in this place as a percentage of kills by you in the entire game.
 C = Kills by friends in this place as a percentage of kills by friends in the entire game.
 D = Other kills in this place as a percentage of other kills in the entire game.
 E = Experience gained in this place as a percentage of experience gained in the entire game.
 F = Experience gained in this place divided by the number of levels of this place that you have seen.
                   A       B       C       D       E      F
               +-------+-------+-------+-------+-------+----------------------
         Total | 100.0 | 100.0 |   N/A |   N/A | 100.0 |   6.6
       Dungeon | 100.0 | 100.0 |   N/A |   N/A | 100.0 |   8.2
               +-------+-------+-------+-------+-------+----------------------

Vault maps used:
D:1:      scummos_arrival_star, minmay_misc_feat_tower, minmay_misc_feat_room
D:2:      lemuel_doored_altar, serial_bayou, serial_bayou_crossing,
          serial_bayou_pond_b, serial_bayou_lagoon_b, serial_bayou_pond_d,
          serial_bayou_pond_b, evilmike_ruin_ashenzari
D:3:      marbit_many_paths, chequers_ecumenical_altar_island,
          minmay_misc_feat_pillars
D:4:      kennysheep_slug_shrine, minmay_temple_entry_junction, serial_shops,
          shop, first_ration, gup_sewer_entry_bowl
Temple:   compressed_dpeg_circular_temple
